 Dungeon Crawl Stone Soup version 0.31-a0-986-g5e6e4ef867 (webtiles) character file.

Game seed: 9724945423995034108

42775 dialectric the Imperceptible (level 13, -5/65 HPs)
             Began as a Spriggan Delver on Nov 5, 2023.
             Was the Champion of Dithmenos.
             Slain by a seven-headed hydra (11 damage)
             ... on level 3 of the Lair of Beasts.
             The game lasted 00:38:12 (16730 turns).

dialectric the Imperceptible (Spriggan Delver)     Turns: 16730, Time: 00:38:14

Health: -5/65      AC:  5    Str:  8    XL:     13   Next: 87%
Magic:  25/27      EV: 26    Int: 11    God:    Dithmenos [******]
Gold:   1447       SH:  0    Dex: 22    Spells: 29/31 levels left

rFire   + . .        H - +9 rapier of Twilight {flame, rC- rN++}
rCold   . . .        (no shield)
rNeg    + + +        J - +2 robe {rC+ rF+}
rPois   .            A - +0 hat {Will+}
rElec   .            G - +0 cloak
rCorr   .            (gloves unavailable)
SInv    +            (boots unavailable)
Will    +++++        j - amulet of regeneration Stlth *****+++++
                     k - ring of willpower
HPRegen 1.10/turn    u - ring of positive energy
MPRegen 0.20/turn

%: no passive effects
@: wreathed by umbra, very quick
A: very small, no large weapons, unfitting armour, see invisible, speed 3,
strong-willed 1
a: Renounce Religion, Shadow Step, Shadow Form


You were on level 3 of the Lair of Beasts.
You worshipped Dithmenos.
Dithmenos was exalted by your worship.
You visited 5 branches of the dungeon, and saw 18 of its levels.
You also visited: Sewer.

You collected 1824 gold pieces.
You spent 377 gold pieces at shops.

Inventory:

Hand Weapons
 b - a +2 dagger of draining
 p - a +1 heavy scimitar
 t - a +1 dagger of electrocution
 H - the +9 rapier of Twilight (weapon) {flame, rC- rN++}
   (You bought it in a shop on level 2 of the Dungeon)

   rC-:       It makes you vulnerable to cold.
   rN++:      It greatly protects you from negative energy.
Missiles
 h - 18 boomerangs
 C - 26 poisoned darts (quivered)
Armour
 z - a +0 robe of positive energy
 A - a +0 hat of willpower (worn)
 E - a +2 robe of fire resistance
 G - a +0 cloak (worn)
 J - a +2 robe of resistance (worn)
 N - a +0 troll leather armour
Jewellery
 j - an amulet of regeneration (around neck)
 k - a ring of willpower (left hand)
 u - a ring of positive energy (right hand)
 M - an amulet of the acrobat
 R - an amulet of faith
Talismans
 x - a beast talisman
 L - a blade talisman
Wands
 g - a wand of digging (1)
 i - a wand of iceblast (8)
 q - a wand of flame (13)
 O - a wand of charming (9)
 Q - a wand of polymorph (7)
Scrolls
 a - 3 scrolls of blinking
 c - 3 scrolls of fog
 d - 2 scrolls of revelation
 e - 6 scrolls of fear
 r - a scroll of silence
 s - 2 scrolls of immolation
 w - 2 scrolls of noise
 y - a scroll of acquirement {unknown}
 F - a scroll of brand weapon {unknown}
 I - 3 scrolls of enchant armour {unknown}
 K - 6 scrolls of teleportation
 P - 7 scrolls of identify
 S - a scroll of vulnerability {unknown}
Potions
 f - 9 potions of haste
 l - 6 potions of might
 m - 2 potions of attraction {unknown}
 n - 10 potions of heal wounds
 o - 4 potions of curing
 v - 2 potions of mutation
 B - a potion of lignification {unknown}
 D - a potion of resistance {unknown}


   Skills:
 + Level 5.7 Fighting
 - Level 14.1 Short Blades
 - Level 2.3 Throwing
 - Level 10.1 Dodging
 + Level 22.0 Stealth
 * Level 9.7 Spellcasting
 - Level 6.3 Hexes
 - Level 4.3 Ice Magic
 * Level 2.6 Invocations
 - Level 3.0 Evocations


You had 29 spell levels left.
You knew the following spells:

 Your Spells              Type           Power      Damage    Failure   Level
a - Ensorcelled Hibernat  Hex/Ice        34%        N/A       2%          2

Your spell library contained the following spells:

 Spells                   Type           Power      Damage    Failure   Level
 Sandblast                Erth           10%        2d5       13%         1
 Shock                    Conj/Air       20%        1d4       13%         1
 Passwall                 Tmut/Erth      4%         N/A       21%         2
 Gell's Gravitas          Tloc           5%         N/A       36%         3
 Stone Arrow              Conj/Erth      10%        3d7       36%         3
 Swiftness                Air            5%         N/A       36%         3
 Teleport Other           Tloc           5%         N/A       36%         3
 Airstrike                Air            2%         2d(1-17)  78%         4
 Brom's Barrelling Bould  Conj/Erth      5%         2d3       78%         4
 Manifold Assault         Tloc           5%         N/A       78%         4
 Summon Lightning Spire   Summ/Air       5%         N/A       78%         4
 Fireball                 Conj/Fire      2%         3d4       98%         5
 Iskenderun's Battlesphe  Conj           5%         2d6       98%         5
 Conjure Ball Lightning   Conj/Air       2%         3x3d6     100%        6
 Dispersal                Tloc           2%         N/A       100%        6
 Malign Gateway           Summ/Tloc      2%         N/A       100%        7
 Orb of Destruction       Conj           2%         9d5       100%        7
 Ozocubu's Refrigeration  Ice            7%         4d9       100%        7
 Disjunction              Tloc           2%         N/A       100%        8


Dungeon Overview and Level Annotations

Branches:
Dungeon (11/15)            Temple (1/1) D:4            Lair (3/5) D:9
 Shoals (0/4) Lair:3        Snake (0/4) Lair:2          Orc (2/2) D:10
    Elf (1/3) Orc:2         Sewer (visited)

Altars:
Ashenzari
Cheibriados
Dithmenos
Elyvilon
Fedhas
Gozag
Hepliaklqana
Kikubaaqudgha
Makhleb
Nemelex Xobeh
Okawaru
Qazlal
Ru
Sif Muna
Trog
Uskayaw
Vehumet
Wu Jian
Xom
Yredelemnul
Zin
The Shining One

Shops:
D:1 *   D:2 *   D:3 (   D:4 :   D:8 =   Orc:1 (   Orc:2 *!?

Annotations:
D:7 Maggie


Innate Abilities, Weirdness & Mutations

You are very small and have problems with some larger weapons.
You are too small for most types of armour.
You have supernaturally acute eyesight. (SInv)
You cover ground extremely quickly. (Speed+++)
You are strong-willed. (Will+)


Message History

a +0 heavy battleaxe; a +3 ring mail of poison resistance; the human corpse of Rupert Magic restored.
P - 7 scrolls of identify (gained 1) Key pressed, stopping explore.
No target in view!
No target in view!
There is a stone staircase leading up here.
No target in view!
The seven-headed hydra bites you!
The seven-headed hydra completely misses you.
The seven-headed hydra closely misses you.
The seven-headed hydra bites you! x2
The seven-headed hydra bites you but does no damage. x2
You are too injured to fight recklessly!
You are too injured to fight recklessly!
You are too injured to fight recklessly!
You are too injured to fight recklessly!
You are too injured to fight recklessly!
You are too injured to fight recklessly!
Casting: Ensorcelled Hibernation (safe; 2% risk of failure)
Confirm with . or Enter, or press ? or * to list all spells.
Aiming: Ensorcelled Hibernation (safe; 2% risk of failure)
Press: ? - help, Shift-Dir - straight line, f - seven-headed hydra
Aim: a seven-headed hydra (umbra, chance to affect: 18%)
The seven-headed hydra resists with almost no effort.
Your shadow mimics your spell!
The seven-headed hydra resists with almost no effort.
The seven-headed hydra completely misses you.
The seven-headed hydra bites you!
* * * LOW HITPOINT WARNING * * *
The seven-headed hydra completely misses you.
The seven-headed hydra misses you. x2
The seven-headed hydra closely misses you. x2
The seven-headed hydra attacks as it pursues you!
The seven-headed hydra bites you!
* * * LOW HITPOINT WARNING * * *
The seven-headed hydra closely misses you.
The seven-headed hydra completely misses you.
The seven-headed hydra bites you!
You die...

........P...........###
#.#.P..P..P##.........
##.#......##..#...P..#
####.....###^# #.P#.#
#......#..###..P.###
##.P...###..P.......#
#..P#<.###...P.....#
##.P#.#.#...##D.P..#
#..##.##.....@#....#
#.###.####..###.#...#
##..##.## #..# .. .##
#..###..# #..##P....##
#......## #..........#
#..##P..# #..........#
##..#...# #..P#P..#.##
#...#...# ##........##
##.#.#.## #P...[.....#


You could see a seven-headed hydra.

Vanquished Creatures
  Rupert (Lair:3)
  Gastronok (Lair:1)
  3 hydras (Lair:2)
  2 two-headed ogres
  Erica (D:8)
  6 death yaks
  Nergalle (Lair:3)
  Amaemon (D:10)
  A deep elf zephyrmancer (Elf:1)
  3 orc sorcerers (Orc:2)
  5 orc knights
  A manticore (D:11)
  5 elephants (Lair:2)
  A cyclops (D:11)
  A rust devil (Orc:2)
  An orange demon (D:10)
  3 cane toads
  2 komodo dragons
  3 polar bears
  7 trolls
  Prince Ribbit (D:7)
  5 hornets (Lair:1)
  8 blink frogs
  A shadow (D:11)
  2 wraiths
  Sigmund (D:5)
  2 wyverns
  42 yaks
  3 basilisks
  2 steam dragons
  2 vampire mosquitoes (D:11)
  Menkaure (D:4)
  3 nagas (Lair:2)
  4 wargs
  8 water moccasins
  Duvessa (D:6)
  A swamp drake (D:10)
  An ice beast (D:5)
  6 ogres
  33 orc warriors
  3 black bears
  17 wolves
  7 centaurs
  2 phantoms (D:5)
  3 kobold brigands
  8 bullfrogs
  A gnoll sergeant (D:9)
  3 scorpions
  4 wights (D:6)
  Dowan (D:7)
  8 killer bees
  3 howler monkeys (D:9)
  8 hounds
  2 jellies
  22 orc priests
  2 sleepcaps (D:7)
  7 iguanas
  16 orc wizards
  5 hell rats (Lair:3)
  4 gnolls (D:9)
  6 adders
  3 river rats
  2 shadow imps (D:8)
  3 white imps
  A worm (D:3)
  A dart slug (D:4)
  75 orcs
  4 endoplasms
  7 giant cockroaches
  10 goblins
  7 hobgoblins
  4 jackals
  16 kobolds
  A quokka (D:5)
  10 ball pythons
  9 bats
  18 frilled lizards
  9 rats
488 creatures vanquished.

Vanquished Creatures (others)
  An orc warrior (Orc:2)
  2 orcs
3 creatures vanquished.

Grand Total: 491 creatures vanquished

Notes
Turn   | Place    | Note
-------+----------+-------------------------------------------
     0 | D:5      | dialectric the Spriggan Delver began the quest for the Orb.
     0 | D:5      | Reached XP level 1. HP: 11/11 MP: 2/2
    31 | D:5      | Found a hide-covered altar of Uskayaw.
    38 | D:5      | Got Ikhluis's Atlas of Glacial Support
    68 | D:4      | Noticed a jelly
    94 | D:4      | Found a burning altar of Makhleb.
   126 | D:4      | Noticed a hound
   141 | D:4      | Found Inoqi's Book Shoppe.
   195 | D:3      | Found Fabe Naps's Antique Weapon Emporium.
   262 | D:3      | Reached XP level 2. HP: 15/16 MP: 3/3
   297 | D:3      | Found a glowing drain.
   304 | Sewer    | Entered a sewer
   367 | Sewer    | Reached skill level 8 in Stealth
   367 | Sewer    | Reached XP level 3. HP: 19/19 MP: 4/4
   552 | Sewer    | Reached XP level 4. HP: 23/23 MP: 5/5
  1651 | D:2      | Found Ineisid's Assorted Antiques.
  1932 | D:1      | Found Roecemn's Assorted Antiques.
  2756 | D:1      | Gained mutation: You are strong-willed. (Will+) [potion of
                  | mutation]
  2904 | D:3      | Reached XP level 5. HP: 25/28 MP: 6/6
  3210 | D:4      | Noticed Menkaure
  3213 | D:4      | Killed Menkaure
  3214 | D:4      | Reached skill level 5 in Dodging
  3214 | D:4      | Reached skill level 9 in Stealth
  3214 | D:4      | Reached XP level 6. HP: 32/32 MP: 7/7
  3217 | D:4      | Learned a level 2 spell: Ensorcelled Hibernation
  3252 | D:4      | Found a staircase to the Ecumenical Temple.
  3260 | Temple   | Entered the Ecumenical Temple
  3275 | Temple   | Became a worshipper of Dithmenos the Shadowed
  3482 | D:4      | Found a shimmering blue altar of Sif Muna.
  3618 | D:4      | Reached skill level 10 in Stealth
  3679 | D:5      | Reached XP level 7. HP: 36/36 MP: 8/8
  3698 | D:5      | Reached skill level 5 in Short Blades
  4036 | D:5      | Noticed Sigmund
  4038 | D:5      | Killed Sigmund
  4039 | D:5      | Reached skill level 11 in Stealth
  4347 | D:6      | Reached XP level 8. HP: 33/40 MP: 9/9
  4894 | D:4      | Reached * piety under Dithmenos
  4947 | D:4      | Reached skill level 1 in Evocations
  5322 | D:2      | Bought a masterwork rapier for 243 gold pieces
  5322 | D:2      | Identified the +9 rapier of Twilight {flame, rC- rN++} (You
                  | bought it in a shop on level 2 of the Dungeon)
  5454 | D:7      | Noticed Maggie
  5580 | D:6      | Reached skill level 12 in Stealth
  5737 | D:6      | Reached XP level 9. HP: 44/45 MP: 10/10
  6257 | D:7      | Reached ** piety under Dithmenos
  6372 | D:7      | Noticed Dowan
  6373 | D:7      | Noticed Duvessa
  6378 | D:7      | Killed Dowan
  6713 | D:6      | Killed Duvessa
  6832 | D:7      | Noticed Prince Ribbit
  6836 | D:7      | Killed Prince Ribbit
  7138 | D:8      | Reached skill level 13 in Stealth
  7251 | D:7      | Reached skill level 1 in Throwing
  7436 | D:8      | Found Gimaat's Jewellery Boutique.
  7562 | D:8      | Reached XP level 10. HP: 51/51 MP: 11/11
  7730 | D:8      | Reached skill level 14 in Stealth
  7856 | D:8      | Noticed Erica
  7860 | D:8      | Killed Erica
  7861 | D:8      | Reached skill level 10 in Short Blades
  7892 | D:8      | Reached skill level 5 in Fighting
  8109 | D:8      | Reached *** piety under Dithmenos
  8115 | D:8      | Noticed a two-headed ogre
  8145 | D:8      | Killed a two-headed ogre
  8146 | D:8      | Reached skill level 15 in Stealth
  8656 | D:9      | Reached skill level 16 in Stealth
  9012 | D:9      | Reached XP level 11. HP: 55/55 MP: 12/12
  9024 | D:9      | Found a staircase to the Lair.
  9092 | D:9      | Reached **** piety under Dithmenos
  9435 | D:10     | Entered Level 10 of the Dungeon
  9482 | D:10     | Reached skill level 10 in Dodging
  9738 | D:10     | Noticed Amaemon
 10295 | D:10     | Found a snail-covered altar of Cheibriados.
 10347 | D:10     | Found an ornate altar of the Wu Jian Council.
 10348 | D:10     | Found a hazy altar of Hepliaklqana.
 10348 | D:10     | Found a glowing silver altar of Zin.
 10348 | D:10     | Found an opulent altar of Gozag.
 10349 | D:10     | Found a basalt altar of Yredelemnul.
 10349 | D:10     | Found a stormy altar of Qazlal.
 10349 | D:10     | Found a bloodstained altar of Trog.
 10349 | D:10     | Found a sparkling altar of Nemelex Xobeh.
 10395 | D:10     | Killed Amaemon
 10617 | D:10     | Found a staircase to the Orcish Mines.
 10948 | Lair:1   | Entered Level 1 of the Lair of Beasts
 10959 | Lair:1   | Reached skill level 1 in Spellcasting
 10959 | Lair:1   | Reached skill level 1 in Hexes
 10965 | Lair:1   | Identified the +0 leather armour "Pycith" {+Inv MP+9 SInv}
 11075 | Lair:1   | Reached skill level 1 in Ice Magic
 11145 | Lair:1   | Noticed Gastronok
 11152 | Lair:1   | Killed Gastronok
 11299 | Lair:1   | Reached XP level 12. HP: 53/60 MP: 17/17
 11554 | Lair:1   | Paralysed by a hornet for 1 turns
 11576 | Lair:1   | Reached skill level 17 in Stealth
 11884 | Lair:2   | Noticed a death yak
 11885 | Lair:2   | Noticed a death yak
 11895 | Lair:2   | Noticed a death yak
 11896 | Lair:2   | Noticed a death yak
 11899 | Lair:2   | Noticed a death yak
 11899 | Lair:2   | Noticed a death yak
 11929 | Lair:1   | Killed a death yak
 11929 | Lair:1   | Reached ***** piety under Dithmenos
 12071 | Orc:1    | Entered Level 1 of the Orcish Mines
 12071 | Orc:1    | Noticed a two-headed ogre
 12077 | Orc:1    | Killed a two-headed ogre
 12078 | Orc:1    | Reached skill level 5 in Spellcasting
 12078 | Orc:1    | Reached skill level 5 in Hexes
 12423 | Orc:1    | Found Okluram's Antique Weapon Shoppe.
 12854 | Orc:2    | Entered Level 2 of the Orcish Mines
 12876 | Orc:2    | Found a staircase to the Elven Halls.
 12919 | Shoals:4 | Identified the "Lemm"
 12919 | Crypt:2  | Identified the of Vogel
 12919 | Crypt:3  | Identified the of Gitoq
 12919 | Depths:2 | Identified the "Pips"
 12919 | Depths:2 | Identified the of Regonoah
 12919 | Depths:3 | Identified the of Zerphael
 12919 | Depths:3 | Identified the "Haedwuv"
 12919 | Elf:1    | Identified the of Qyufru
 12919 | Elf:1    | Entered Level 1 of the Elven Halls
 13060 | Orc:2    | Found Cuakyu Itwa's Magic Scroll Boutique.
 13061 | Orc:2    | Found Imecal's Distillery.
 13065 | Orc:2    | Reached skill level 18 in Stealth
 13590 | Orc:2    | Bought a scroll of teleportation for 39 gold pieces
 13590 | Orc:2    | Bought a scroll of teleportation for 39 gold pieces
 13610 | Orc:2    | Bought a potion of curing for 42 gold pieces
 13610 | Orc:2    | Bought a potion of degeneration for 14 gold pieces
 13744 | Orc:2    | Noticed an orc high priest
 13935 | Lair:2   | Noticed a four-headed hydra
 13940 | Lair:2   | Killed a four-headed hydra
 13941 | Lair:2   | Reached skill level 19 in Stealth
 13941 | Lair:2   | Found a staircase to the Snake Pit.
 13960 | Lair:2   | Reached XP level 13. HP: 63/63 MP: 21/24
 14130 | Lair:1   | HP: 3/63 [death yak (19)]
 14638 | Orc:2    | Found Saunitwak's Assorted Antiques.
 14718 | Orc:2    | Reached skill level 20 in Stealth
 14928 | Orc:2    | Reached ****** piety under Dithmenos
 15347 | Lair:2   | Reached skill level 21 in Stealth
 15713 | Lair:3   | Identified the blade talisman "Coeg" {rPois Stlth+}
 15761 | Lair:3   | Noticed Nergalle
 15775 | Lair:3   | Killed Nergalle
 15810 | Lair:3   | Found a staircase to the Shoals.
 15928 | Lair:3   | Noticed Rupert
 15991 | Lair:2   | Reached skill level 1 in Invocations
 16683 | Lair:3   | Killed Rupert
 16684 | Lair:3   | Reached skill level 22 in Stealth
 16730 | Lair:3   | Slain by a seven-headed hydra

Illustrated notes

Levels and vault maps discovered:
D:1:      minmay_arrival_plants_in_alcoves, layout_basic, serial_shops, shop,
          minivault_4
D:2:      layout_loops_ring, serial_shops, nicolae_shop_behind_doors
D:3:      layout_basic, mainiacjoe_sewer_entry_somewhere_in_here_2,
          serial_shops, nicolae_shop_waterfront
D:4:      layout_loops_ring, amcnicky_altar_gilded, led_sif_book,
          temple_doors_e, serial_shops, shop, uniq_menkaure
D:5:      layout_basic, eat_drink_and_be_merry_uskayaw, uniq_sigmund
D:6:      layout_basic, chequers_serial_rivers_small_a
D:7:      layout_basic, minmay_checkerbox, uniq_maggie, uniq_duvessa,
          uniq_prince_ribbit1
D:8:      layout_loops_corners, serial_shops, kennysheep_little_box, uniq_erica
D:9:      layout_stronghold, lair_entry_dummy
D:10:     layout_roguey, grunt_temple_overflow_open, kennysheep_slug_shrine,
          erik_orc_1, minivault_25, nicolae_water_bricks, corexii_corridor_pit,
          lemuel_flamethrower_1, uniq_amaemon
D:11:     layout_cave_pools
Temple:   compressed_dpeg_circular_temple
Lair:1:   layout_gridlike, minivault_23, dreamdust_wasp_nest, uniq_gastronok
Lair:2:   layout_cave_pods, guppyfry_snake_entry_island
Lair:3:   layout_loops_ring, minmay_shoals_entry_centaurs, uniq_nergalle,
          uniq_rupert
Orc:1:    layout_caves, basic_altar, serial_shops, shop
Orc:2:    pf_orc_diabolical, layout_diamond_mine, serial_shops, shop
Elf:1:    eino_elf_arrival_shootout, layout_geoelf_diagonals, serial_shops,
          nicolae_shop_back_alley_shop, basic_altar, minmay_elf_annihilation,
          amcnicky_mini_pool_small, uniq_norris

Skill      XL: |  1  2  3  4  5  6  7  8  9 10 11 12 13 |
---------------+----------------------------------------+-----
Dodging        | 3 4 5 7 8 9 10 | 10.1
Stealth        | 8 9 10 11 12 13 16 19 22 | 22.0
Short Blades   | 3 4 6 8 9 11 14 | 14.1
Fighting       | 3 4 5 |  5.7
Evocations     | 1 2 3 |  3.0
Throwing       | 1 2 |  2.3
Spellcasting   | 3 7 9 |  9.7
Hexes          | 3 6 |  6.3
Ice Magic      | 2 4 |  4.3
Invocations    | 2 |  2.6

Action                     |  1- 3 |  4- 6 |  7- 9 | 10-12 | 13-15 || total
---------------------------+-------+-------+-------+-------+-------++-------
  Melee: Short sword       |   112 |    37 |       |       |       ||   149
         Punch             |     3 |     3 |     3 |    12 |     8 ||    29
         Dagger            |       |   133 |   102 |       |       ||   235
         Rapier            |       |       |   123 |   697 |   381 ||  1201
  Throw: Boomerang         |       |       |     3 |       |       ||     3
         Dart              |       |       |    12 |    75 |    11 ||    98
   Cast: Ensorcelled Hiber |       |       |       |     9 |    13 ||    22
 Invoke: Shadow Step       |       |       |       |     1 |     1 ||     2
  Evoke: Wand              |       |       |     8 |    10 |     2 ||    20
    Use: Scroll            |       |     3 |     5 |     4 |       ||    12
         Potion            |       |     2 |     1 |       |       ||     3
   Stab: Sleeping          |     6 |    25 |    18 |    37 |    15 ||   101
         Distracted        |       |       |     1 |     4 |     4 ||     9
 Armour: Robe              |    30 |    52 |    88 |   133 |    80 ||   383
  Dodge: Dodged            |    92 |   111 |   192 |   558 |   287 ||  1240

Table legend: (Time is in decaauts)
 A = Elapsed time spent in this place.
 B = Non-inter-level travel time spent in this place.
 C = Inter-level travel time spent in this place.
 D = Time resting spent in this place.
 E = Time spent auto-exploring this place.
 F = Levels seen in this place.
 G = Mean time per level.
                   A        B        C        D        E       F      G
               +--------+--------+--------+--------+--------+-----+--------+
         Total |  10857 |  10012 |    845 |    217 |   6135 |  19 |  571.4 |
       Dungeon |   7147 |   6394 |    753 |     61 |   4351 |  11 |  649.7 |
        Temple |     19 |     10 |      9 |      0 |      0 |   1 |   19.0 |
          Lair |   1856 |   1813 |     43 |     89 |    977 |   3 |  618.7 |
  Orcish Mines |   1511 |   1471 |     40 |     67 |    719 |   2 |  755.5 |
   Elven Halls |     21 |     21 |      0 |      0 |      0 |   1 |   21.0 |
         Sewer |    301 |    301 |      0 |      0 |     85 |   1 |  301.0 |
               +--------+--------+--------+--------+--------+-----+--------+

Top non-repeatable levels by time:
   Orc:2: 1039 daAuts
    D:10: 897 daAuts
     D:9: 885 daAuts
     D:3: 826 daAuts
     D:6: 822 daAuts
  Lair:1: 802 daAuts
  Lair:2: 712 daAuts
     D:5: 669 daAuts
     D:8: 654 daAuts
     D:7: 571 daAuts
     D:1: 534 daAuts
     D:4: 525 daAuts
   Orc:1: 471 daAuts
     D:2: 453 daAuts
  Lair:3: 341 daAuts
